 Dungeon Crawl Stone Soup version 0.23.0 (webtiles) character file.

Game seed: 14828323019785223734

131 Inarius the Digger (level 5, 0/28 HPs)
             Began as a Gargoyle Earth Elementalist on Feb 10, 2019.
             Was an Initiate of Vehumet.
             Slain by an iguana (10 damage)
             ... on level 4 of the Dungeon.
             The game lasted 00:05:00 (2148 turns).

Inarius the Digger (Gargoyle Earth Elementalist)    Turns: 2148, Time: 00:05:00

Health: 0/28       AC: 11    Str:  9 (12) XL:     5   Next: 14%
Magic:  9/9        EV: 10    Int: 13 (16) God:    Vehumet [......]
Gold:   76         SH:  0    Dex:  8 (10) Spells: 6/10 levels left

rFire    . . .     SeeInvis .   e - +0 mace
rCold    . . .     Gourm    .   (no shield)
rNeg     + + .     Faith    .   p - +0 ring mail
rPois    ∞         Spirit   .   f - +0 helmet
rElec    +         Reflect  .   (no cloak)
rCorr    .         Harm     .   l - +0 pair of gloves
MR       .....                  (no boots)
Stlth    +.........             (no amulet)
HPRegen  0.09/turn              n - ring of positive energy
MPRegen  0.11/turn              (no ring)

@: no status effects
A: negative energy resistance 1, electricity resistance, unbreathing,
petrification resistance, rot immunity, AC +4
a: Renounce Religion


You were on level 4 of the Dungeon.
You worshipped Vehumet.
Vehumet was noncommittal.
You were hungry.

You visited 2 branches of the dungeon, and saw 4 of its levels.

You collected 76 gold pieces.

Inventory:

Hand Weapons
 e - a +0 mace (weapon)
Missiles
 b - 73 stones (quivered)
Armour
 f - a +0 helmet (worn)
 l - a +0 pair of gloves (worn)
 p - a +0 ring mail (worn)
Jewellery
 n - a ring of positive energy (left hand)
Scrolls
 a - 2 scrolls of fog
 k - a scroll of teleportation
Potions
 h - a potion of haste {unknown}
 j - a potion of degeneration
Comestibles
 d - 4 rations


   Skills:
 + Level 0.2 Fighting
 + Level 2.0 Dodging
 - Level 2.6 Stealth
 + Level 3.0 Spellcasting
 * Level 0.5 Conjurations
   Level 0.7 Transmutations
 * Level 5.4 Earth Magic


You had 6 spell levels left.
You knew the following spells:

 Your Spells              Type           Power        Failure   Level  Hunger
a - Sandblast             Erth           ###...       7%          1    #......
b - Stone Arrow           Conj/Erth      #.....       50%         3    ###....

Your spell library contained the following spells:

 Spells                   Type           Power        Failure   Level  Hunger
 Passwall                 Tmut/Erth      ##......     26%         2    ##.....
 Petrify                  Tmut/Erth      ##......     87%         4    #####..
 Lee's Rapid Deconstruct  Erth           ###.......   88%         5    ######.


Dungeon Overview and Level Annotations

Branches:
Dungeon (4/15)             Temple (1/1) D:4

Altars:
Ashenzari
Dithmenos
Elyvilon
Fedhas
Hepliaklqana
Kikubaaqudgha
Makhleb
Nemelex Xobeh
Okawaru
Sif Muna
Uskayaw
Vehumet
Wu Jian
Yredelemnul
Zin

Annotations:
D:2 1 runed translucent door, Crazy Yiuf


Innate Abilities, Weirdness & Mutations

You are resistant to torment.
Your stone body is resilient. (AC +4)
You are immune to poison.
You resist negative energy. (rN+)
You are resistant to electric shocks. (rElec)
You can survive without breathing.
You are immune to petrification.
You are immune to rotting.


Message History

Aim: an iguana (severely wounded)
The blast of sand hits the iguana.
The iguana is severely wounded.
b - 73 stones You hear the rusting of a very distant drain.
The iguana barely misses you. The gnoll hits you but does no damage.
Casting: Sandblast (safe; 4% risk of failure)
Confirm with . or Enter, or press ? or * to list all spells.
You don't have enough magic to cast that spell.
Unknown command.
It was a potion of degeneration.
There was something very wrong with that liquid.
You feel weakened.
You feel dopey.
You feel clumsy. The iguana bites you. The gnoll barely misses you.
It was a potion of magic.
Magic courses through your body.
The iguana bites you but does no damage.
The gnoll hits you but does no damage.
You are feeling hungry.
The iguana bites you!
You die...

############
#..........#
#..........#
#..........#
#..........###
######........(...#
#..@lg######..###.#
#.###..g## ##..##...
#....##..###........
####.###.....#.##.##
#.# ###......#.# #.#
##.#......
#.######.##.##.#
#.##......[......
#.#..#...#.##....


You could see an iguana and 2 gnolls.

Vanquished Creatures
  An iguana (D:2)
  4 gnolls
  2 adders (D:2)
  An ooze (D:1)
  A dart slug (D:1)
  A leopard gecko (D:1)
  3 ball pythons
  4 bats
  A giant cockroach (D:1)
  6 goblins
  6 hobgoblins
  6 kobolds
  2 frilled lizards (D:1)
  9 rats
47 creatures vanquished.

Notes
Turn   | Place    | Note
-------+----------+-------------------------------------------
     0 | D:1      | Inarius the Gargoyle Earth Elementalist began the quest for
                  | the Orb.
     0 | D:1      | Reached XP level 1. HP: 10/10 MP: 3/3
    59 | D:1      | Reached skill level 4 in Earth Magic
   303 | D:1      | Reached XP level 2. HP: 15/15 MP: 5/5
   740 | D:1      | Reached XP level 3. HP: 9/19 MP: 1/6
  1155 | D:1      | Reached skill level 5 in Earth Magic
  1608 | D:2      | Reached XP level 4. HP: 22/24 MP: 2/7
  1804 | D:2      | Learned a level 3 spell: Stone Arrow
  1866 | D:2      | Found a runed translucent door.
  1867 | D:2      | Noticed Crazy Yiuf
  2002 | D:2      | You fall through a shaft for 2 floors!
  2038 | D:4      | Found a staircase to the Ecumenical Temple.
  2046 | Temple   | Entered the Ecumenical Temple
  2074 | Temple   | Became a worshipper of Vehumet
  2122 | D:4      | Reached XP level 5. HP: 23/28 MP: 3/9
  2148 | D:4      | Slain by an iguana

Skill      XL: |  1  2  3  4 |
---------------+-------------+-----
Earth Magic    | 4 5 |  5.4
Dodging        | 2 |  2.0
Spellcasting   | 3 |  3.0
Fighting       | |  0.2
Stealth        | |  2.6
Conjurations   | |  0.5
Transmutations | |  0.7

Action                   |  1- 3 |  4- 6 || total
-------------------------+-------+-------++-------
Melee: Unarmed           |    17 |       ||    17
       Mace              |    72 |    14 ||    86
 Cast: Sandblast         |    19 |    28 ||    47
  Use: Scroll            |       |     4 ||     4
       Potion            |       |     2 ||     2
 Stab: Sleeping          |     4 |     1 ||     5
  Eat: Chunk             |     3 |     1 ||     4
Armor: Robe              |    41 |    12 ||    53
       Ring mail         |       |     6 ||     6
Dodge: Dodged            |    78 |    41 ||   119
